 Dungeon Crawl Stone Soup version 0.28.0-43-g3370ac3207 (webtiles) character file.

Game seed: 3287753059742427052

212 Descartes the Covert (level 5, -2/24 HPs)
             Began as a Felid Delver on Mar 27, 2022.
             Slain by a goblin
             ... wielding a +2 dagger of electrocution
              (15 damage)
             ... on level 2 of the Dungeon.
             The game lasted 00:04:47 (3205 turns).

Descartes the Covert (Felid Delver)                 Turns: 3205, Time: 00:04:47

Health: -2/24      AC:  5    Str: 10    XL:     5   Next: 58%
Magic:  6/6        EV: 18    Int: 11    God:
Gold:   105        SH:  0    Dex: 18    Spells: 4/4 levels left
                                        Lives:  0   Deaths: 1

rFire   . . .      SeeInvis +     - Unarmed
rCold   . . .      Faith    .   (shield unavailable)
rNeg    . . .      Spirit   .   (armour unavailable)
rPois   .          Reflect  .   (helmet unavailable)
rElec   .          Harm     .   (cloak unavailable)
rCorr   .          Rampage  .   (gloves unavailable)
Will    .....                   (boots unavailable)
Stlth   ++++......              (no amulet)
HPRegen 0.08/turn               q - +4 ring of protection
MPRegen 0.10/turn               (no ring)

@: quick
A: very small, claws 1, fangs 3, see invisible, speed 1, shaggy fur 1, stealthy
paws, no weapons or thrown items, no armour, multi-lived
a: no special abilities


You were on level 2 of the Dungeon.
You visited 1 branch of the dungeon, and saw 5 of its levels.
You also visited: Sewer.

You collected 105 gold pieces.

Inventory:

Jewellery
 q - a +4 ring of protection (left paw)
Wands
 e - a wand of digging (3)
 n - a wand of iceblast (8)
Scrolls
 a - 2 scrolls of fog
 b - 2 scrolls of teleportation {unknown}
 c - a scroll of fear
 f - 3 scrolls of summoning {unknown}
 g - a scroll of enchant weapon {unknown}
 h - a scroll of acquirement {unknown}
 i - a scroll of immolation {unknown}
 j - 2 scrolls of magic mapping
 k - 2 scrolls of vulnerability {unknown}
 m - 2 scrolls of identify {unknown}
 r - a scroll of torment {unknown}
Potions
 d - 3 potions of haste
 l - 4 potions of degeneration {unknown}
 o - 2 potions of mutation {unknown}
 p - a potion of heal wounds {unknown}


   Skills:
 - Level 3.3 Fighting
 + Level 3.2 Dodging
 + Level 9.7 Stealth
 + Level 3.4 Unarmed Combat


You had 4 spell levels left.
You didn't know any spells.
Your spell library contained the following spells:

 Spells                   Type           Power      Damage    Failure   Level
 Ensorcelled Hibernation  Hex/Ice        0%         N/A       47%         2
 Passwall                 Tmut/Erth      0%         N/A       47%         2
 Swiftness                Air            0%         N/A       71%         3


Dungeon Overview and Level Annotations

Branches:
Dungeon (5/15)              Sewer (visited)
 Temple: D:4-7

Altars:
Kikubaaqudgha
Uskayaw


Innate Abilities, Weirdness & Mutations

You have sharp claws.
You have razor-sharp teeth.
You have supernaturally acute eyesight. (SInv)
You cover ground quickly. (Speed+)
You are covered in fur. (AC +1)
Your paws help you pounce on unaware monsters.
You are incapable of wielding weapons or throwing items.
You cannot wear armour.
You gain extra lives every three experience levels.


Message History

No target in view!
No target in view!
Found a stone staircase leading down.
You now have 89 gold pieces (gained 12).
A quokka comes into view.
You closely miss the quokka. Your claw misses the quokka.
The quokka closely misses you.
You scratch the quokka.
You kill the quokka!
No target in view!
No target in view!
No target in view!
No target in view!
No target in view!
No target in view!
No target in view!
No target in view!
Found a robe.
Found 26 bolts.
d - 3 potions of haste (gained 1)
You now have 97 gold pieces (gained 8).
You now have 105 gold pieces (gained 8).
A frilled lizard comes into view.
A frilled lizard is nearby!
A goblin comes into view.
It is wielding a +2 dagger of electrocution.
You pounce on the unaware helpless frilled lizard!
You eviscerate the frilled lizard!!!
You kill the frilled lizard!
The goblin shouts!
The goblin hits you but does no damage.
You completely miss the goblin. The goblin closely misses you.
You scratch the goblin.
The goblin is severely wounded.
The goblin hits you with a +2 dagger of electrocution.
You are electrocuted!
You completely miss the goblin. Your bite misses the goblin.
The goblin is severely wounded.
The goblin hits you but does no damage.
You are electrocuted!
Ouch! That really hurt!
You die...

########....# #####
#....# #.... #....#
#.### #######....###.###
#.........##..†...
#####.........##.#.###
#.............##.#.###
#...g.........'..#.#..
##....@........####....
........................
#######†........####....
#.........# #....
########### #.... #....
#.# ###.# #.# #.# #.# .#


You could see a goblin.

Vanquished Creatures
  An ogre (D:5)
  A scorpion (D:5)
  A hound (D:4)
  3 adders (Sewer)
  3 river rats (Sewer)
  2 worms (D:5)
  2 dart slugs
  An orc (D:5)
  4 endoplasms
  6 giant cockroaches
  4 goblins (D:1)
  3 hobgoblins
  5 quokkas
  4 ball pythons
  4 bats
  10 frilled lizards
  6 kobolds
  7 rats
67 creatures vanquished.

Notes
Turn   | Place    | Note
-------+----------+-------------------------------------------
     0 | D:5      | Descartes the Felid Delver began the quest for the Orb.
     0 | D:5      | Reached XP level 1. HP: 10/10 MP: 2/2
    24 | D:5      | Noticed an ogre
    31 | D:5      | Killed an ogre
    32 | D:5      | Reached skill level 8 in Stealth
    32 | D:5      | Reached XP level 2. HP: 14/14 MP: 3/3
    32 | D:5      | Reached XP level 3. HP: 17/17 MP: 4/4
    32 | D:5      | Reached XP level 4. HP: 21/21 MP: 5/5
    74 | D:5      | Found a glowing drain.
   126 | Sewer    | Entered a sewer
   620 | Sewer    | Reached skill level 9 in Stealth
   644 | Sewer    | Reached XP level 5. HP: 11/24 MP: 6/6
  1037 | D:5      | Noticed a centaur
  1045 | D:5      | Slain by a centaur
  1046 | D:5      | Reached XP level 4. HP: -4/21 MP: 5/5
  1047 | D:5      | Noticed a scorpion
  1054 | D:5      | Killed a scorpion
  1284 | D:4      | Reached XP level 5. HP: 15/24 MP: 6/6
  1397 | D:4      | Found a hide-covered altar of Uskayaw.
  1399 | D:4      | Found an ancient bone altar of Kikubaaqudgha.
  2281 | D:1      | Found a faded altar of an unknown god.
  3205 | D:2      | Slain by a goblin

Illustrated notes

Levels and vault maps discovered:
D:1:      dpeg_arrival_connections, layout_basic,
          hellmonk_ecumenical_altar_crossroads
D:2:      layout_basic
D:3:      layout_loops_corners, minmay_three_crescents
D:4:      layout_basic, slow_altar_1, mainiacjoe_overflow_boulevard,
          grunt_temple_overflow_open
D:5:      layout_basic, cheibrodos_sewer_entry_bend

Skill      XL: |  1  2  3  4 |
---------------+-------------+-----
Stealth        | 8 9 |  9.7
Dodging        | 3 |  3.2
Unarmed Combat | 3 |  3.4
Fighting       | |  3.3

Action                   |  1- 3 |  4- 6 || total
-------------------------+-------+-------++-------
Melee: Unarmed           |     1 |   162 ||   163
       Bite              |       |     8 ||     8
       Punch             |       |     3 ||     3
  Use: Scroll            |     1 |       ||     1
       Potion            |       |     1 ||     1
 Stab: Sleeping          |     1 |    25 ||    26
Armor: Skin              |       |    14 ||    14
Dodge: Dodged            |       |    89 ||    89
